 Dungeon Crawl Stone Soup version 0.31-a0-801-gc67433417a (webtiles) character file.

Game seed: 9068633391700902934

12501 Ivernyr the Carver (level 11, -5/60 HPs)
             Began as a Vine Stalker Gladiator on Sept 20, 2023.
             Was a Priest of Wu Jian.
             Slain by a black mamba (8 damage)
             ... on level 11 of the Dungeon.
             The game lasted 00:23:42 (9396 turns).

Ivernyr the Carver (Vine Stalker Gladiator)         Turns: 9396, Time: 00:23:43

Health: -5/60      AC: 14    Str: 24    XL:     11   Next: 94%
Magic:  0/21       EV: 14    Int:  8    God:    Wu Jian [***...]
Gold:   655        SH:  0    Dex: 19    Spells: 10/10 levels left

rFire   . . .        a - +5 great sword
rCold   + . .        (shield currently unavailable)
rNeg    . . .        b - +4 scale mail {rC+}
rPois   .            c - +0 helmet
rElec   .            (no cloak)
rCorr   .            (no gloves)
SInv    .            r - +0 pair of boots
Will    +....        (no amulet) Stlth
                     u - ring of magical power
HPRegen 1.10/turn    C - +6 ring of strength
MPRegen 0.17/turn

%: guardian spirit
@: serpent's lash
A: fangs 3, regeneration 1, magic shield, antimagic bite, no potion heal 2
a: Renounce Religion, Wall Jump, Serpent's Lash


You were on level 11 of the Dungeon.
You worshipped Wu Jian.
Wu Jian was most pleased with you.
You visited 3 branches of the dungeon, and saw 13 of its levels.
You also visited: Ossuary.

You collected 655 gold pieces.

Inventory:

Hand Weapons
 a - a +5 great sword (weapon)
Missiles
 d - 5 throwing nets (quivered)
 e - 9 javelins
Armour
 b - a +4 scale mail of cold resistance (worn)
 c - a +0 helmet (worn)
 r - a +0 pair of boots (worn)
Jewellery
 u - a ring of magical power (left hand)
 A - a ring of flight
 C - a +6 ring of strength (right hand)
 I - a ring of see invisible
Wands
 s - a wand of mindburst (25)
 y - a wand of digging (5)
 G - a wand of light (13)
 H - a wand of flame (3)
Scrolls
 g - 4 scrolls of enchant armour {unknown}
 h - 4 scrolls of fog {unknown}
 i - 3 scrolls of vulnerability {unknown}
 l - 3 scrolls of fear {unknown}
 m - 6 scrolls of teleportation {unknown}
 o - 9 scrolls of identify {unknown}
 p - 3 scrolls of immolation {unknown}
 t - a scroll of summoning {unknown}
 v - 2 scrolls of amnesia {unknown}
 x - a scroll of brand weapon {unknown}
 D - a scroll of acquirement {unknown}
 E - a scroll of poison {unknown}
 F - 2 scrolls of noise {unknown}
 K - a scroll of enchant weapon {unknown}
Potions
 f - 4 potions of haste
 j - 5 potions of curing
 k - 5 potions of heal wounds {unknown}
 n - 4 potions of brilliance {unknown}
 q - 2 potions of lignification {unknown}
 w - 2 potions of mutation {unknown}
 z - 5 potions of berserk rage {unknown}
 B - a potion of might {unknown}
 J - a potion of attraction {unknown}


   Skills:
 + Level 7.9 Fighting
 * Level 11.3 Long Blades
 - Level 1.7 Throwing
 + Level 7.0 Armour
 + Level 7.5 Dodging


You had 10 spell levels left.
You didn't know any spells.
Your spell library contained the following spells:

 Spells                   Type           Power      Damage    Failure   Level
 Magic Dart               Conj           0%         1d3       67%         1
 Call Imp                 Summ           0%         N/A       82%         2
 Poisonous Vapours        Pois/Air       0%         N/A       82%         2
 Searing Ray              Conj           0%         2d4       82%         2
 Call Canine Familiar     Summ           0%         N/A       96%         3
 Mephitic Cloud           Conj/Pois/Air  0%         N/A       96%         3
 Sigil of Binding         Hex            0%         N/A       96%         3
 Dimensional Bullseye     Hex/Tloc       0%         N/A       100%        4
 Fulminant Prism          Conj/Hex       0%         3d5       100%        4
 Leda's Liquefaction      Hex/Erth       0%         N/A       100%        4
 Freezing Cloud           Conj/Ice/Air   0%         6-21      100%        5


Dungeon Overview and Level Annotations

Branches:
Dungeon (11/15)            Temple (1/1) D:7            Lair (1/5) D:11
    Orc (0/2) D:11        Ossuary (visited)

Altars:
Ashenzari
Cheibriados
Dithmenos
Elyvilon
Fedhas
Gozag
Hepliaklqana
Kikubaaqudgha
Makhleb
Nemelex Xobeh
Okawaru
Qazlal
Ru
Sif Muna
Trog
Uskayaw
Vehumet
Wu Jian
Xom
Yredelemnul
Zin
The Shining One

Shops:
D:7 (

Annotations:
D:11 2 transporters, PotatoSalad1221's ghost, journeyman DrSh


Innate Abilities, Weirdness & Mutations

You have razor-sharp teeth.
Your natural rate of healing is unusually fast.
When hurt, damage is shared between your health and your magic reserves.
Your bite disrupts and absorbs the magic of your enemies.
Potions cannot restore your health.


Message History

The black mamba closely misses you. The black mamba barely misses you.
The bullfrog swells and bulges.
The black mamba bites you but does no damage.
There is a staircase back to the Dungeon here.
The black mamba barely misses you.
You climb upwards.
Welcome back to the Dungeon!
Level annotation: 2 transporters, PotatoSalad1221's ghost, journeyman DrSh
There is a staircase to the Lair here.
You barely miss the black mamba. The black mamba bites you!
* * * LOW HITPOINT WARNING * * *
The black mamba bites you but does no damage.
You slash the black mamba! Your bite misses the black mamba.
The black mamba is moderately wounded.
The black mamba barely misses you.
The black mamba bites you but does no damage.
You closely miss the black mamba. Your bite misses the black mamba.
The black mamba is moderately wounded.
The black mamba misses you. The black mamba bites you!
* * * LOW HITPOINT WARNING * * *
You are lethally poisoned!
The black mamba poisons you! The black mamba closely misses you.
Your system rejects the healing.
You feel better.
The black mamba bites you but does no damage.
Your muscles tense, ready for explosive movement...
You spin and attack the black mamba, with incredible momentum.
You hit the black mamba.
The black mamba is moderately wounded.
You miss the black mamba.
The black mamba is moderately wounded.
The black mamba completely misses you. The black mamba barely misses you.
You hit the black mamba.
The black mamba is moderately wounded.
The black mamba bites you.
* * * LOW HITPOINT WARNING * * *
You are lethally poisoned!
The black mamba poisons you! The black mamba barely misses you.
The black mamba bites you.
* * * LOW HITPOINT WARNING * * *
Your system rejects the healing.
You feel better. The black mamba bites you!
You die...

##.# ##'## #.# #....## #..#
##...## #.# #.....# #.####
##.....## #.###.....# #.##.##
##.....>.###.##......#
##.#...####.........##.#......##
..........+...(....>+........##
##.#.%.####.....[...##.......#
.......## ##.......######.##.#
######..## ##...@.## #.......#
y$#####..# ##.°S## #.####^.# y
W..###.# ##'## #.# #..#
#..#..##.# ##.######.####..# .#
#.###.### #.........##....#
..### #....# #.>#####..##.#.##
.#...###.#.###...## #.......#
#..#..##.#.##.....# #.###.###
y#...###..........###.###.#


You could see a black mamba.

Vanquished Creatures
  2 two-headed ogres (D:10)
  Nergalle (D:11)
  Pikel (D:6)
  An ugly thing (D:10)
  2 manticores (D:11)
  A gargoyle (D:10)
  Jeremiah (D:7)
  An unseen horror (D:11)
  3 trolls
  A yak (D:10)
  A vampire (D:11)
  2 wraiths
  4 vampire mosquitoes (D:10)
  2 wyverns
  Edmund (D:5)
  3 water moccasins
  3 floating eyes (D:10)
  3 orc warriors
  2 sky beasts
  2 ice beasts
  A black bear (D:5)
  2 ogres (D:11)
  3 centaurs
  A phantom (D:5)
  9 kobold brigands
  10 bullfrogs
  2 scorpions
  8 gnoll sergeants
  An elf skeleton (D:4)
  20 wights
  5 killer bees
  4 howler monkeys
  3 jellies
  4 centaur zombies (Ossuary)
  3 hounds
  3 iguanas (D:6)
  2 sleepcaps
  5 orc priests
  2 human skeletons (D:4)
  4 orc wizards
  3 hound zombies (Ossuary)
  3 mummies (Ossuary)
  9 gnolls
  10 adders
  2 shadow imps
  A white imp (D:8)
  4 adder zombies (Ossuary)
  A worm (D:4)
  2 dart slugs
  34 orcs
  5 ball pythons
  6 endoplasms
  3 giant cockroaches
  7 goblins
  5 hobgoblins
  3 jackals (D:1)
  16 kobolds
  4 quokkas
  3 training dummies (D:7)
  5 bats
  4 frilled lizards
  A gnoll zombie (Ossuary)
  4 goblin zombies (Ossuary)
  5 hobgoblin zombies (Ossuary)
  3 jackal zombies (Ossuary)
  4 kobold zombies (Ossuary)
  3 orc skeletons (D:4)
  An orc zombie (Ossuary)
  2 quokka zombies (Ossuary)
  7 rats
  4 rat zombies (Ossuary)
293 creatures vanquished.

Notes
Turn   | Place    | Note
-------+----------+-------------------------------------------
     0 | D:1      | Ivernyr the Vine Stalker Gladiator began the quest for the
                  | Orb.
     0 | D:1      | Reached XP level 1. HP: 11/11 MP: 2/2
    70 | D:1      | Reached XP level 2. HP: 15/15 MP: 3/3
   161 | D:1      | Reached skill level 3 in Long Blades
   385 | D:1      | Reached XP level 3. HP: 18/18 MP: 2/4
   795 | D:2      | Reached skill level 1 in Armour
   839 | D:2      | Reached XP level 4. HP: 23/23 MP: 3/5
  1624 | D:3      | Found a sacrificial altar of Ru.
  2086 | D:4      | Reached XP level 5. HP: 27/27 MP: 6/6
  2133 | D:4      | Found a sand-covered staircase.
  2146 | D:4      | Reached skill level 4 in Long Blades
  2149 | Ossuary  | Entered an ossuary
  2212 | Ossuary  | Reached XP level 6. HP: 29/32 MP: 7/7
  2434 | Ossuary  | Reached XP level 7. HP: 32/36 MP: 8/8
  2740 | D:4      | Reached skill level 5 in Long Blades
  3294 | D:5      | Entered Level 5 of the Dungeon
  3478 | D:5      | Noticed Edmund
  3519 | D:5      | Killed Edmund
  3521 | D:5      | Gained mutation: You have razor-sharp teeth. [Vine Stalker
                  | growth]
  3521 | D:5      | Reached XP level 8. HP: 20/42 MP: 4/9
  3825 | D:5      | Reached skill level 6 in Long Blades
  3945 | D:6      | Found a hide-covered altar of Uskayaw.
  4143 | D:6      | Found an opulent altar of Gozag.
  4241 | D:6      | Found an ancient bone altar of Kikubaaqudgha.
  4328 | D:6      | Reached skill level 7 in Long Blades
  4328 | D:6      | Reached XP level 9. HP: 46/46 MP: 10/10
  4328 | D:6      | Found a sparkling altar of Nemelex Xobeh.
  4529 | D:6      | Noticed Pikel
  4552 | D:6      | Killed Pikel
  4553 | D:6      | Reached skill level 5 in Fighting
  4553 | D:6      | Reached skill level 5 in Dodging
  4783 | D:7      | Found a staircase to the Ecumenical Temple.
  4804 | Temple   | Entered the Ecumenical Temple
  4847 | D:7      | Found an ornate altar of the Wu Jian Council.
  4854 | D:7      | Became a worshipper of the Wu Jian Council
  4864 | D:7      | Identified the +8 sling of Prudence {drain, Fly rElec
                  | Will-}
  4979 | D:7      | Found Inuett's Firing Range.
  5070 | D:7      | Reached skill level 8 in Long Blades
  5196 | D:7      | Found a burning altar of Makhleb.
  5347 | D:7      | Noticed Jeremiah
  5382 | D:7      | Killed Jeremiah
  5383 | D:7      | Reached XP level 10. HP: 8/49 MP: 7/11
  5522 | D:7      | Reached skill level 5 in Armour
  5639 | D:7      | Reached * piety under Wu Jian
  6095 | D:8      | Reached skill level 9 in Long Blades
  6640 | D:9      | Reached ** piety under Wu Jian
  7049 | D:10     | Entered Level 10 of the Dungeon
  7061 | D:10     | Noticed a purple ugly thing
  7076 | D:10     | Killed a purple ugly thing
  7292 | D:10     | Reached skill level 10 in Long Blades
  7292 | D:10     | Reached XP level 11. HP: 42/58 MP: 12/12
  7599 | D:10     | Noticed a two-headed ogre
  7607 | D:10     | Killed a two-headed ogre
  7683 | D:10     | Noticed a two-headed ogre
  7694 | D:10     | Killed a two-headed ogre
  7859 | D:10     | Identified the +1 robe of Recklessness {rN+ Str+3 Dex-4}
  7871 | D:10     | Found a blossoming altar of Fedhas.
  8243 | D:11     | Found a transporter.
  8243 | D:11     | Noticed PotatoSalad1221's ghost (journeyman DrSh)
  8246 | D:11     | Found a transporter.
  8338 | D:11     | Found a staircase to the Lair.
  8670 | D:11     | Noticed a manticore
  8676 | D:11     | Killed a manticore
  8835 | D:11     | Noticed Nergalle
  8844 | D:11     | Killed Nergalle
  8949 | D:11     | Reached skill level 11 in Long Blades
  8951 | D:11     | Noticed a manticore
  8957 | D:11     | Killed a manticore
  9085 | D:11     | Found a staircase to the Orcish Mines.
  9126 | D:11     | HP: 2/60 [troll (7)]
  9136 | D:10     | HP: 3/60 [troll (6)]
  9136 | D:10     | HP: 1/60 [troll (2)]
  9208 | D:11     | Reached *** piety under Wu Jian
  9351 | Lair:1   | Entered Level 1 of the Lair of Beasts
  9392 | D:11     | HP: 3/60 [black mamba (7)]
  9396 | D:11     | Slain by a black mamba

Illustrated notes

Levels and vault maps discovered:
D:1:      mrwooster_arrival_statue, layout_basic
D:2:      layout_basic
D:3:      layout_loops_ring, marbit_many_paths, minmay_starry_boxes
D:4:      layout_loops_corners, nicolae_ossuary_entry_catacombs
D:5:      layout_basic, uniq_edmund
D:6:      layout_rooms, mainiacjoe_overflow_catwalk, lemuel_doored_altar,
          jmf_multi_god_temple, nicolae_the_louvre, uniq_pikel
D:7:      layout_basic, bloody_makhleb, nzn_wu_jian_council_hall,
          minmay_temple_entry_statues_fountains, nicolae_shop_firing_range,
          uniq_jeremiah
D:8:      layout_loops_ring, st_stairs_13
D:9:      layout_rooms
D:10:     layout_basic, fedhas_altar_4, onia_ninara_cookie
D:11:     layout_loops_corners, lair_entry_dummy,
          kennysheep_orc_monster_closet_entryway, gammafunk_ghost_hive,
          uniq_nergalle
Temple:   nicolae_temple_two_arcs
Lair:1:   layout_loops_ring, grunt_megastairs_4

Skill      XL: |  1  2  3  4  5  6  7  8  9 10 11 |
---------------+----------------------------------+-----
Long Blades    | 3 4 5 7 8 10 11 | 11.3
Fighting       | 2 3 4 5 6 7 |  7.9
Armour         | 1 2 3 4 6 7 |  7.0
Dodging        | 3 4 5 6 7 |  7.5
Throwing       | |  1.7

Action                     |  1- 3 |  4- 6 |  7- 9 | 10-12 || total
---------------------------+-------+-------+-------+-------++-------
  Melee: Long sword        |    80 |   210 |   375 |    92 ||   757
         Bite              |    12 |    65 |   127 |   120 ||   324
         Punch             |       |     1 |     6 |     1 ||     8
         Great sword       |       |       |       |   283 ||   283
 Invoke: Serpent's Lash    |       |       |       |     1 ||     1
Ability: Lunge             |       |       |     6 |    20 ||    26
         Whirlwind         |       |       |       |    71 ||    71
         Wall Jump         |       |       |       |     1 ||     1
    Use: Potion            |       |       |     2 |     3 ||     5
 Armour: Leather armour    |    55 |   167 |    56 |       ||   278
         Scale mail        |       |       |   208 |   360 ||   568
  Dodge: Dodged            |    67 |   174 |   222 |   307 ||   770

Table legend: (Time is in decaauts)
 A = Elapsed time spent in this place.
 B = Non-inter-level travel time spent in this place.
 C = Inter-level travel time spent in this place.
 D = Time resting spent in this place.
 E = Time spent auto-exploring this place.
 F = Levels seen in this place.
 G = Mean time per level.
                   A        B        C        D        E       F      G
               +--------+--------+--------+--------+--------+-----+--------+
         Total |   9518 |   9202 |    316 |    153 |   6652 |  14 |  679.9 |
       Dungeon |   9121 |   8806 |    315 |    153 |   6580 |  11 |  829.2 |
        Temple |     27 |     27 |      0 |      0 |      0 |   1 |   27.0 |
          Lair |     38 |     38 |      0 |      0 |      7 |   1 |   38.0 |
       Ossuary |    330 |    330 |      0 |      0 |     65 |   1 |  330.0 |
               +--------+--------+--------+--------+--------+-----+--------+

Top non-repeatable levels by time:
    D:10: 1264 daAuts
    D:11: 1090 daAuts
     D:4: 1055 daAuts
     D:7: 1043 daAuts
     D:6: 828 daAuts
     D:3: 781 daAuts
     D:8: 740 daAuts
     D:5: 661 daAuts
     D:1: 606 daAuts
     D:2: 588 daAuts
     D:9: 461 daAuts
 Ossuary: 330 daAuts
  Lair:1: 38 daAuts
  Temple: 27 daAuts
